 Dungeon Crawl Stone Soup version 0.28-a0-1524-ge72afd5fc6 (webtiles) character file.

Game seed: 16575787207573481843

105 fragbeetle the Insei (level 4, -5/36 HPs)
             Began as a Draconian Transmuter on Jan 18, 2022.
             Blown up by Ijyb (20 damage)
             ... with a mindburst bolt
             ... on level 4 of the Dungeon.
             The game lasted 00:03:54 (3221 turns).

fragbeetle the Insei (Draconian Transmuter)         Turns: 3221, Time: 00:03:54

Health: -5/36      AC:  5    Str: 13    XL:     4   Next: 53%
Magic:  7/7        EV: 12    Int: 13    God:
Gold:   119        SH:  0    Dex: 13    Spells: 3/7 levels left

rFire   . . .      SeeInvis .     - Unarmed
rCold   . . .      Faith    .   (no shield)
rNeg    . . .      Spirit   .   (armour unavailable)
rPois   .          Reflect  .   (helmet restricted)
rElec   .          Harm     .   (no cloak)
rCorr   .          Rampage  .   (no gloves)
Will    .....                   (no boots)
Stlth   +.........              (no amulet)
HPRegen 0.12/turn               (no ring)
MPRegen 0.10/turn               (no ring)

@: no status effects
A: AC +5, unfitting armour, cold-blooded
a: no special abilities


You were on level 4 of the Dungeon.
You visited 1 branch of the dungeon, and saw 4 of its levels.

You collected 119 gold pieces.

Inventory:

Magical Staves
 f - a staff of conjuration
 g - a staff of fire
Jewellery
 j - an amulet of regeneration
Scrolls
 b - a scroll of amnesia {unknown}
 c - a scroll of vulnerability {unknown}
 d - 4 scrolls of identify {unknown}
 i - a scroll of teleportation {unknown}
Potions
 a - 2 potions of flight {unknown}
 e - a potion of curing {unknown}
 h - a potion of haste {unknown}
 k - 2 potions of heal wounds {unknown}


   Skills:
 + Level 2.0 Fighting
 + Level 2.3 Dodging
 * Level 3.9 Unarmed Combat
 - Level 2.0 Spellcasting
 * Level 3.0 Transmutations
 * Level 1.1 Poison Magic


You had 3 spell levels left.
You knew the following spells:

 Your Spells              Type           Power      Damage    Failure   Level
a - Beastly Appendage     Tmut           18%        N/A       8%          1
b - Spider Form           Tmut/Pois      6%         N/A       32%         3

Your spell library contained the following spells:

 Spells                   Type           Power      Damage    Failure   Level
 Wereblood                Tmut           9%         N/A       11%         2
 Magic Dart               Conj           4%         1d3       26%         1
 Call Imp                 Summ           1%         N/A       36%         2
 Ignite Poison            Fire/Tmut/Pois 4%         N/A       41%         3
 Mephitic Cloud           Conj/Pois/Air  2%         N/A       54%         3
 Conjure Flame            Conj/Fire      1%         6-21      58%         3
 Dazzling Flash           Conj/Hex       2%         N/A       58%         3
 Summon Guardian Golem    Hex/Summ       1%         N/A       58%         3
 Ice Form                 Ice/Tmut       5%         N/A       80%         4
 Iskenderun's Mystic Bla  Conj/Tloc      1%         2d3       94%         4
 Sticky Flame             Conj/Fire      1%         2d3       94%         4
 Starburst                Conj/Fire      0%         6d3       100%        6
 Orb of Destruction       Conj           0%         9d5       100%        7
 Spellforged Servitor     Conj/Summ      0%         N/A       100%        7


Dungeon Overview and Level Annotations

Branches:
Dungeon (4/15)             Temple (0/1) D:4

Altars:

Annotations:
D:4 Ijyb


Innate Abilities, Weirdness & Mutations

Your plain brown scales are hard. (AC +5)
You cannot fit into any form of body armour.
You are cold-blooded and may be slowed by cold attacks.


Message History

The goblin shouts!
The goblin barely misses you.
You closely miss the goblin. The goblin barely misses you.
You hit the goblin but do no damage. You claw the goblin.
You kill the goblin!
Things that are here:
a +0 dagger; a goblin corpse Your magical contamination has completely faded away.
Your transformation is almost over.
Done exploring.
Done exploring.
Your horns disappear.
Your talons disappear.
(D) Dungeon
Where to? (Enter - D:3, ? - help)
What level of the Dungeon? (default 1, ? - help)
There is a stone staircase leading down here.
You climb downwards.
You hear the sound of rushing water.
There is an entrance to a sewer on this level.
Hurry and find it before the portal rusts away!
The endoplasm quivers.
Found a scale mail.
There is a stone staircase leading up here.
You grow a pair of large bovine horns.
Your feet morph into talons.
You hit the endoplasm.
The endoplasm is severely wounded.
The endoplasm hits you but does no damage.
You hit the endoplasm.
You kill the endoplasm!
Your transformation is almost over.
Found a quarterstaff.
Found a scroll labelled EHOXORI KOVVIUDE.
Your horns disappear.
Your talons disappear.
Ijyb the Twisted Goblin comes into view.
She is wielding a +0 dagger and carrying a wand of mindburst (11).
Found a staircase to the Ecumenical Temple.
Ijyb shouts!
Ijyb zaps a wand.
Your mind is blasted!
Ouch! That really hurt!
Ijyb zaps a wand.
Your mind is blasted!
Ouch! That really hurt!
You die...

#####.######
#....)...#
#.#.###### #.#.#
#.#.# #.#.#
#.#.#
.#.####.#.#
.......@..#
..........#
.............
..........#..⌠.
..........#.....
........... ...>
..........#. ...
.......g..#..⌠..


You could see Ijyb.

Vanquished Creatures
  3 adders
  A worm (D:2)
  4 dart slugs
  8 bats
  8 endoplasms
  2 giant cockroaches (D:1)
  6 goblins
  5 hobgoblins
  7 jackals (D:1)
  4 quokkas
  4 frilled lizards
  3 kobolds (D:1)
  4 rats
59 creatures vanquished.

Vanquished Creatures (others)
  3 plants (D:2)
3 creatures vanquished.

Grand Total: 62 creatures vanquished

Notes
Turn   | Place    | Note
-------+----------+-------------------------------------------
     0 | D:1      | fragbeetle the Draconian Transmuter began the quest for the
                  | Orb.
     0 | D:1      | Reached XP level 1. HP: 16/16 MP: 3/3
   161 | D:1      | Reached XP level 2. HP: 23/23 MP: 3/5
   566 | D:1      | Reached XP level 3. HP: 22/28 MP: 4/6
   570 | D:1      | Learned a level 3 spell: Spider Form
  1468 | D:2      | Reached XP level 4. HP: 15/36 MP: 5/7
  1862 | D:2      | Reached skill level 1 in Poison Magic
  3220 | D:4      | Found a staircase to the Ecumenical Temple.
  3220 | D:4      | Noticed Ijyb
  3221 | D:4      | Blown up by Ijyb

Illustrated notes

Levels and vault maps discovered:
D:1:      eino_arrival_cavern_e, layout_basic, minmay_pentomino_v4
D:2:      layout_loops_ring, serial_bayou_ford_a
D:3:      layout_basic
D:4:      layout_basic, minmay_temple_entry_large_hall, gup_sewer_entry_bubbles,
          st_stairs_13, uniq_ijyb

Skill      XL: |  1  2  3  4 |
---------------+-------------+-----
Dodging        | 2 |  2.3
Fighting       | 2 |  2.0
Poison Magic   | 1 |  1.1
Transmutations | 3 |  3.0
Unarmed Combat | |  3.9
Spellcasting   | |  2.0

Action                   |  1- 3 |  4- 6 || total
-------------------------+-------+-------++-------
Melee: Unarmed           |   120 |    38 ||   158
       Kick              |    26 |    10 ||    36
       Tailslap          |    11 |     6 ||    17
       Headbutt          |    15 |     8 ||    23
 Cast: Beastly Appendage |    21 |    16 ||    37
 Stab: Sleeping          |     1 |       ||     1
Armor: Skin              |    44 |     6 ||    50
Dodge: Dodged            |    95 |    18 ||   113

Table legend: (Time is in decaauts)
 A = Elapsed time spent in this place.
 B = Non-inter-level travel time spent in this place.
 C = Inter-level travel time spent in this place.
 D = Time resting spent in this place.
 E = Time spent auto-exploring this place.
 F = Levels seen in this place.
 G = Mean time per level.
                   A        B        C        D        E       F      G
               +--------+--------+--------+--------+--------+-----+--------+
         Total |   3232 |   3122 |    110 |     62 |   2579 |   4 |  808.0 |
       Dungeon |   3232 |   3122 |    110 |     62 |   2579 |   4 |  808.0 |
               +--------+--------+--------+--------+--------+-----+--------+

Top non-repeatable levels by time:
     D:2: 1235 daAuts
     D:1: 1156 daAuts
     D:3: 811 daAuts
     D:4: 28 daAuts
